 Dungeon Crawl Stone Soup version 0.30-a0-779-g7971cf19c3 (webtiles) character file.

Game seed: 8290809959079842575

20 testman the Stinger (level 2, 0/17 HPs)
             Began as an Octopode Venom Mage on Feb 17, 2023.
             Constricted to death by a ball python (1 damage)
             ... on level 1 of the Dungeon.
             The game lasted 00:01:59 (491 turns).

testman the Stinger (Octopode Venom Mage)            Turns: 491, Time: 00:02:00

Health: 0/17       AC:  1    Str:  7    XL:     2   Next: 79%
Magic:  5/5        EV: 10    Int: 17    God:
Gold:   99         SH:  0    Dex: 12    Spells: 2/5 levels left

rFire   . . .      SeeInvis .    b - +0 dagger
rCold   . . .      Faith    .    (no shield)
rNeg    . . .      Spirit   .    (helmet restricted)
rPois   .          Reflect  .    (no amulet)
rElec   .          Harm     .    (no ring)
rCorr   .          Rampage  .    (no ring)
Will    .....                    (no ring)
Stlth   +++                      (no ring)
HPRegen 0.22/turn                (no ring)
MPRegen 0.09/turn                (no ring)
                                 (no ring)
                                 (no ring)

@: constricted
A: almost no armour, amphibious, 8 rings, camouflage 1, gelatinous body 1,
(nimble swimmer 1), tentacles
a: no special abilities


You were on level 1 of the Dungeon.
You visited 1 branch of the dungeon, and saw 1 of its levels.

You collected 99 gold pieces.

Inventory:

Hand Weapons
 b - a +0 dagger (weapon)
Scrolls
 c - 2 scrolls of identify {unknown}
 e - a scroll of fog {unknown}
 f - a scroll of immolation {unknown}
Potions
 a - a potion of magic
 d - a potion of attraction {unknown}


   Skills:
 - Level 2.0 Dodging
 - Level 2.6 Stealth
 - Level 2.0 Spellcasting
 - Level 1.0 Transmutations
 + Level 1.9 Air Magic
 - Level 4.0 Poison Magic


You had 2 spell levels left.
You knew the following spells:

 Your Spells              Type           Power      Damage    Failure   Level
a - Sting                 Tmut/Pois      40%        1d5       7%          1
b - Poisonous Vapours     Pois/Air       22%        N/A       9%          2

Your spell library contained the following spells:

 Spells                   Type           Power      Damage    Failure   Level
 Mephitic Cloud           Conj/Pois/Air  8%         N/A       26%         3
 Olgreb's Toxic Radiance  Pois           15%        N/A       36%         4


Dungeon Overview and Level Annotations

Branches:
Dungeon (1/15)

Altars:


Innate Abilities, Weirdness & Mutations

You cannot wear most types of armour.
You are amphibious.
You can wear up to eight rings at the same time.
Your skin changes colour to match your surroundings (Stealth+).
Your rubbery body absorbs attacks. (AC +1, EV +1)
((You are camouflaged when in or above water. (Stealth+)))
You have tentacles for arms and can constrict up to eight enemies at once.


Message History

There is an open door here.
You see here a +0 robe.
There is an escape hatch in the floor here.
You open the door.
There is an open door here.
There is an open door here.
You enter the shallow water.
You open the door.
There is an open door here.
You now have 99 gold pieces (gained 12).
f - a scroll labelled WOFAIPT HIJYA An endoplasm and a ball python come into view.
The ball python hisses angrily.
The endoplasm hits you.
You hit the endoplasm but do no damage. You squeeze the endoplasm.
The endoplasm is heavily wounded.
The endoplasm hits you but does no damage.
The ball python bites you. The ball python grabs you.
The ball python constricts you.
You completely miss the endoplasm.
The endoplasm is heavily wounded.
The endoplasm completely misses you. The ball python bites you.
The ball python constricts you.
You hit the endoplasm.
The endoplasm is almost dead.
The endoplasm freezes you.
You are frozen.
The ball python bites you but does no damage.
The ball python constricts you.
* * * LOW HITPOINT WARNING * * *
You hit the endoplasm.
You kill the endoplasm!
The ball python bites you.
* * * LOW HITPOINT WARNING * * *
The ball python constricts you.
You barely miss the ball python. You grab the ball python.
You constrict the ball python. The ball python bites you.
* * * LOW HITPOINT WARNING * * *
The ball python constricts you.
You die...

###...###.#........#
##...###
#.#........# #...##
###........#
##...### #........#
###...### #........#
###...# #..##
#######..#
#...S@..## ##
#.....### #. #.....#
#. #...... #.
#...... #. #.$....#
#. ####+#.# #. .# ##


You could see a ball python.

Vanquished Creatures
  A dart slug (D:1)
  4 ball pythons (D:1)
  3 endoplasms (D:1)
  2 goblins (D:1)
  2 quokkas (D:1)
  A frilled lizard (D:1)
  A kobold (D:1)
  2 rats (D:1)
16 creatures vanquished.

Notes
Turn   | Place    | Note
-------+----------+-------------------------------------------
     0 | D:1      | testman the Octopode Venom Mage began the quest for the
                  | Orb.
     0 | D:1      | Reached XP level 1. HP: 11/11 MP: 3/3
    12 | D:1      | Found a faded altar of an unknown god.
   150 | D:1      | Reached skill level 1 in Air Magic
   150 | D:1      | Reached skill level 4 in Poison Magic
   150 | D:1      | Reached XP level 2. HP: 17/17 MP: 5/5
   153 | D:1      | Learned a level 2 spell: Poisonous Vapours
   491 | D:1      | Constricted to death by a ball python

Illustrated notes

Levels and vault maps discovered:
D:1:      tarquinn_simple_flora_water_c, layout_basic,
          shapermc_ecumenical_altar_venn, serial_curves, eino_curves_03,
          eino_curves_01

Skill      XL: |  1 |
---------------+----+-----
Air Magic      | 1 |  1.9
Poison Magic   | 4 |  4.0
Dodging        | |  2.0
Stealth        | |  2.6
Spellcasting   | |  2.0
Transmutations | |  1.0

Action                     || total
---------------------------++-------
  Melee: Unarmed           ||     7
         Dagger            ||    19
         Constrict         ||     6
         Tentacles         ||     5
   Cast: Sting             ||     5
   Stab: Sleeping          ||     6
 Armour: Skin              ||     3
  Dodge: Dodged            ||    14

Table legend: (Time is in decaauts)
 A = Elapsed time spent in this place.
 B = Non-inter-level travel time spent in this place.
 C = Inter-level travel time spent in this place.
 D = Time resting spent in this place.
 E = Time spent auto-exploring this place.
 F = Levels seen in this place.
 G = Mean time per level.
                   A        B        C        D        E       F      G
               +--------+--------+--------+--------+--------+-----+--------+
         Total |    490 |    484 |      6 |      0 |    395 |   1 |  490.0 |
       Dungeon |    490 |    484 |      6 |      0 |    395 |   1 |  490.0 |
               +--------+--------+--------+--------+--------+-----+--------+

Top non-repeatable levels by time:
     D:1: 490 daAuts
